 Dungeon Crawl Stone Soup version 0.28-a0-500-g121bc3e445 (webtiles) character file.

Game seed: 10149546874792769453

37 speeev33 the Skirmisher (level 3, -1/33 HPs)
             Began as a Minotaur Fighter on Sept 20, 2021.
             Slain by a gnoll sergeant (3 damage)
             ... on level 3 of the Dungeon.
             The game lasted 00:01:28 (1533 turns).

speeev33 the Skirmisher (Minotaur Fighter)          Turns: 1533, Time: 00:01:29

Health: -1/33      AC:  9    Str: 21    XL:     3   Next: 21%
Magic:  2/2        EV:  7    Int:  5    God:
Gold:   58         SH:  4    Dex:  9    Spells: 2/2 levels left

rFire   . . .      SeeInvis .   a - +0 long sword
rCold   . . .      Faith    .   c - +0 buckler
rNeg    . . .      Spirit   .   g - +0 chain mail
rPois   .          Reflect  .   (helmet restricted)
rElec   .          Harm     .   e - scarf {shadows}
rCorr   .          Rampage  .   (no gloves)
Will    .....                   (no boots)
Stlth   ..........              (no amulet)
HPRegen 0.11/turn               (no ring)
MPRegen 0.08/turn               (no ring)

@: lethally poisoned (-1 -> -4)
A: horns 2, retaliatory headbutt
a: no special abilities


You were on level 3 of the Dungeon.
You visited 1 branch of the dungeon, and saw 3 of its levels.

You collected 58 gold pieces.

Inventory:

Hand Weapons
 a - a +0 long sword (weapon)
Armour
 c - a +0 buckler (worn)
 e - a scarf of shadows (worn)
 g - a +0 chain mail (worn)
Jewellery
 i - a ring of ice
Potions
 b - 2 potions of curing {unknown}
 d - a potion of might
 f - 3 potions of heal wounds {unknown}
 h - a potion of attraction {unknown}


   Skills:
 + Level 4.1 Fighting
 + Level 3.1 Long Blades
 + Level 4.1 Armour
 - Level 4.0 Shields


You had 2 spell levels left.
You didn't know any spells.
Your spell library contained the following spells:

 Spells                   Type           Power      Damage    Failure   Level
 Sublimation of Blood     Necr           0%         N/A       100%        2
 Wereblood                Tmut           0%         N/A       100%        2
 Gell's Gravitas          Tloc           0%         N/A       100%        3
 Lesser Beckoning         Tloc           0%         N/A       100%        3
 Teleport Other           Tloc           0%         N/A       100%        3
 Summon Hydra             Summ           0%         N/A       100%        7


Dungeon Overview and Level Annotations

Branches:
Dungeon (3/15)

Altars:


Innate Abilities, Weirdness & Mutations

You have a pair of horns on your head.
You reflexively headbutt those who attack you in melee.


Message History

You hit the jackal.
You kill the jackal!
The jackal bites you but does no damage.
You block the gnoll sergeant's attack.
The jackal bites you but does no damage.
Sorry, you're not good enough to have a special ability.
You hit the jackal but do no damage.
The jackal bites you but does no damage.
A gnoll comes into view. It is wielding a +0 club.
The gnoll sergeant hits you from afar with a +1 spear of venom.
You are poisoned.
The jackal closely misses you. You furiously retaliate!
You headbutt the jackal.
The gnoll shouts!
You hit the jackal but do no damage.
The jackal is severely wounded.
You feel very sick.
The gnoll sergeant hits you but does no damage.
You are more poisoned.
You block the jackal's attack.
A gnoll comes into view. It is wielding a +0 spear.
You hit the jackal.
You kill the jackal!
You feel very sick.
The gnoll sergeant hits you from afar with a +1 spear of venom!
You block the gnoll sergeant's attack.
* * * LOW HITPOINT WARNING * * *
You feel sick.
* * * LOW HITPOINT WARNING * * *
You feel sick.
* * * LOW HITPOINT WARNING * * *
You feel sick.
* * * LOW HITPOINT WARNING * * *
You feel sick.
* * * LOW HITPOINT WARNING * * *
You feel sick.
* * * LOW HITPOINT WARNING * * *
You feel sick.
The gnoll sergeant hits you from afar with a +1 spear of venom.
You die...

#...#### ####
.......## #..##
........####...####
?......gg.†........
........####...###
.......## #g.##
#.....## ###g#####
##...# #.......#
##+# #@#.###.#
#.#.# #.#.# #.#..
#.### #.# #.#


You could see a gnoll sergeant and a gnoll.

Vanquished Creatures
  5 ball pythons
  2 bats (D:2)
  4 endoplasms
  4 giant cockroaches
  2 goblins (D:1)
  4 hobgoblins (D:2)
  3 jackals (D:3)
  2 frilled lizards (D:1)
  3 rats (D:2)
29 creatures vanquished.

Notes
Turn   | Place    | Note
-------+----------+-------------------------------------------
     0 | D:1      | speeev33 the Minotaur Fighter began the quest for the Orb.
     0 | D:1      | Reached XP level 1. HP: 19/19 MP: 0/0
   341 | D:1      | Reached XP level 2. HP: 24/27 MP: 1/1
   727 | D:1      | Found a faded altar of an unknown god.
  1226 | D:2      | Reached XP level 3. HP: 32/33 MP: 2/2
  1519 | D:3      | Noticed a gnoll sergeant
  1533 | D:3      | Slain by a gnoll sergeant

Illustrated notes

Levels and vault maps discovered:
D:1:      dpeg_arrival_erosion, layout_rooms,
          shapermc_ecumenical_altar_mp_vishouse
D:2:      layout_basic
D:3:      corexii_shack_village, layout_loops_corners,
          lemuel_coloured_pillars_altar, uniq_ijyb

Skill      XL: |  1  2 |
---------------+-------+-----
Fighting       | 4 |  4.1
Armour         | 4 |  4.1
Shields        | 4 |  4.0
Long Blades    | 3 |  3.1

Action                   || total
-------------------------++-------
Melee: Long sword        ||    64
       Headbutt          ||     9
  Use: Scroll            ||     2
Armor: Scale mail        ||     4
       Chain mail        ||    26
Dodge: Dodged            ||    32
Block: Buckler           ||    17

Table legend: (Time is in decaauts)
 A = Elapsed time spent in this place.
 B = Non-inter-level travel time spent in this place.
 C = Inter-level travel time spent in this place.
 D = Time resting spent in this place.
 E = Time spent auto-exploring this place.
 F = Levels seen in this place.
 G = Mean time per level.
                   A        B        C        D        E       F      G
               +--------+--------+--------+--------+--------+-----+--------+
         Total |   1548 |   1507 |     41 |      0 |   1273 |   3 |  516.0 |
       Dungeon |   1548 |   1507 |     41 |      0 |   1273 |   3 |  516.0 |
               +--------+--------+--------+--------+--------+-----+--------+

Top non-repeatable levels by time:
     D:1: 862 daAuts
     D:2: 664 daAuts
     D:3: 21 daAuts
